 Dungeon Crawl Stone Soup version 0.29-a0-529-gfa20dd96a1 (webtiles) character file.

Game seed: 8140008707076562175

1808 Hubjo the Arsonist (level 8, -3/48 HPs)
             Began as a Deep Elf Fire Elementalist on June 1, 2022.
             Was a Priest of Nemelex Xobeh.
             Slain by a yak (11 damage)
             ... on level 6 of the Dungeon.
             The game lasted 00:08:16 (7846 turns).

Hubjo the Arsonist (Deep Elf Fire Elementalist)     Turns: 7846, Time: 00:08:16

Health: -3/48      AC:  8    Str:  5    XL:     8   Next: 84%
Magic:  6/20       EV: 13    Int: 23    God:    Nemelex Xobeh [***...]
Gold:   318        SH:  0    Dex: 18    Spells: 16/21 levels left

rFire   . . .      SeeInvis .   u - +0 short sword (flame)
rCold   . . .      Faith    .   (no shield)
rNeg    + . .      Spirit   .   v - +2 robe {Will+}
rPois   .          Reflect  .   (no helmet)
rElec   .          Harm     .   (no cloak)
rCorr   .          Rampage  .   (no gloves)
Will    +....                   (no boots)
Stlth   ++++......              f - amulet of Viwist {Acrobat rN+ Dex+3}
HPRegen 0.16/turn               o - +4 ring of protection
MPRegen 0.17/turn               (no ring)

@: no status effects
A: no striking features
a: Renounce Religion, Draw Escape, Draw Destruction, Draw Summoning, Triple Draw


You were on level 6 of the Dungeon.
You worshipped Nemelex Xobeh.
Nemelex Xobeh was most pleased with you.
You visited 1 branch of the dungeon, and saw 6 of its levels.

You collected 318 gold pieces.

Inventory:

Hand Weapons
 u - a +0 short sword of flaming (weapon)
Armour
 a - a +0 robe
 v - a +2 robe of willpower (worn)
Jewellery
 f - the amulet of Viwist (around neck) {Acrobat rN+ Dex+3}
   (You acquired it on level 2 of the Dungeon)

   [amulet of the acrobat]

   It increases your evasion while moving and waiting.
   Dex:       It affects your dexterity (+3).
   rN:        It protects you from negative energy.
 o - a +4 ring of protection (left hand)
Scrolls
 e - a scroll of brand weapon {unknown}
 g - a scroll of fog {unknown}
 h - a scroll of teleportation
 j - 2 scrolls of vulnerability
 m - 2 scrolls of immolation
 q - a scroll of enchant weapon
 s - a scroll of enchant armour
 t - a scroll of torment {unknown}
 w - a scroll of fear {unknown}
Potions
 b - a potion of magic
 c - 5 potions of heal wounds
 d - 3 potions of haste {unknown}
 i - 2 potions of lignification {unknown}
 k - a potion of berserk rage {unknown}
 l - 2 potions of flight {unknown}
 n - 5 potions of curing {unknown}
 p - 3 potions of degeneration {unknown}
 r - 2 potions of attraction {unknown}


   Skills:
 + Level 4.5 Fighting
 - Level 2.4 Dodging
 + Level 7.0 Stealth
 + Level 7.2 Spellcasting
 - Level 1.1 Conjurations
 * Level 8.2 Fire Magic


You had 16 spell levels left.
You knew the following spells:

 Your Spells              Type           Power      Damage    Failure   Level
a - Foxfire               Conj/Fire      100%       2x1d9     1%          1
b - Flame Wave            Conj/Fire      29%        2d8       11%         4

Your spell library contained the following spells:

 Spells                   Type           Power      Damage    Failure   Level
 Scorch                   Fire           92%        2d9       1%          2
 Conjure Flame            Conj/Fire      29%        6-21      3%          3
 Magic Dart               Conj           52%        1d5       4%          1
 Inner Flame              Hex/Fire       27%        N/A       4%          3
 Searing Ray              Conj           26%        2d5       7%          2
 Fulminant Prism          Conj/Hex       5%         3d7       52%         4
 Alistair's Intoxication  Tmut/Pois      5%         N/A       91%         5
 Borgnjor's Vile Clutch   Necr/Erth      4%         N/A       91%         5
 Eringya's Noxious Bog    Tmut/Pois      4%         N/A       100%        6


Dungeon Overview and Level Annotations

Branches:
Dungeon (6/15)
 Temple: D:4-7

Altars:
Gozag
Nemelex Xobeh
Wu Jian

Shops:
D:2 ?

Annotations:
D:6 Blork the orc


Message History

The yak completely misses you. The yak gores you!
Casting: Flame Wave (quite dangerous; 12% risk of failure)
Confirm with . or Enter, or press ? or * to list all spells.
The spell is quite dangerous to miscast (12% risk of failure)!
Continue anyway?
Casting: Flame Wave (quite dangerous; 12% risk of failure)
Press: ? - help, Dir - look around, f - activate A wave of flame ripples out!
The flame wave engulfs the yak!
The yak is moderately wounded.
The flame wave engulfs the yak.
The yak is severely wounded. (Press . to intensify the flame waves.)
The yak barely misses you. The yak gores you but does no damage.
A wave of flame ripples out!
The flame wave engulfs the yak!
The yak is heavily wounded.
The flame wave engulfs the yak.
The yak is severely wounded.
The yak misses you. The yak gores you.
* * * LOW HITPOINT WARNING * * *
A wave of flame ripples out!
The flame wave engulfs the yak.
The yak is heavily wounded.
The flame wave engulfs the yak!
The yak is almost dead.
The flame wave engulfs the ogre!
The ogre is moderately wounded.
You finish channelling waves of flame.
You hear a shout!
The yak gores you.
* * * LOW HITPOINT WARNING * * *
The yak barely misses you.
Casting: Flame Wave (quite dangerous; 12% risk of failure)
Confirm with . or Enter, or press ? or * to list all spells.
Okay, then.
You draw a card...
You have drawn Exile.
The yak is devoured by a tear in reality.
The deck of cards glows slightly and disappears.
The yak closely misses you.
Your Stealth skill increases to level 7!
You fail to use your ability.
The ogre misses you. The yak gores you!
You die...
Your body glows slightly and disappears.

... ##. .... #... .....
##.#.#.......
##..#.#... ..o##
......... ... ..
##..### #o##
.###.....#### #OY######
............####@[..).#
........###..########.#
........# ##..# ##.#
.รท.)[...# ##.######..#
...<....# #........##
........# ####..####
........# #..#
........# ####
........#


You could see a yak, an orc warrior and an ogre.

Vanquished Creatures
  Grinder (D:3)
  Sigmund (D:3)
  Duvessa (D:6)
  A phantom (D:3)
  An ogre (D:4)
  4 scorpions
  Dowan (D:6)
  A howler monkey (D:4)
  A jelly (D:5)
  A gnoll shaman (D:6)
  Jessica (D:3)
  2 gnolls (D:6)
  9 adders
  A shadow imp (D:6)
  An ufetubus (D:6)
  3 worms
  2 dart slugs (D:1)
  9 orcs
  4 bats
  12 endoplasms
  3 giant cockroaches
  10 goblins
  9 hobgoblins
  A jackal (D:2)
  6 kobolds
  A quokka (D:4)
  11 ball pythons
  A frilled lizard (D:1)
  6 rats
105 creatures vanquished.

Vanquished Creatures (collateral kills)
  3 yaks (D:6)
  An orc (D:6)
  2 foxfires (D:1)
6 creatures vanquished.

Vanquished Creatures (others)
  630 foxfires
  A withered plant (D:1)
631 creatures vanquished.

Grand Total: 742 creatures vanquished

Notes
Turn   | Place    | Note
-------+----------+-------------------------------------------
     0 | D:1      | Hubjo the Deep Elf Fire Elementalist began the quest for
                  | the Orb.
     0 | D:1      | Reached XP level 1. HP: 10/10 MP: 6/6
   251 | D:1      | Reached XP level 2. HP: 16/16 MP: 4/8
   333 | D:1      | Found a faded altar of an unknown god.
   376 | D:1      | Prayed at the altar of an unknown god.
   376 | D:1      | Became a worshipper of Nemelex Xobeh the Trickster
   376 | D:1      | Reached * piety under Nemelex Xobeh
   658 | D:1      | Reached skill level 1 in Fighting
   874 | D:1      | Received a gift from Nemelex Xobeh
  1203 | D:2      | Reached XP level 3. HP: 20/20 MP: 5/9
  1245 | D:2      | Found Lurota Xakhlo's Magic Scroll Shop.
  2601 | D:2      | Reached ** piety under Nemelex Xobeh
  3035 | D:2      | Reached XP level 4. HP: 26/26 MP: 6/11
  3202 | D:2      | Identified a scroll of acquirement
  3207 | D:2      | Acquired the amulet of Viwist {Acrobat rN+ Dex+3}
  3282 | D:3      | Noticed a phantom
  3303 | D:3      | Killed a phantom
  3304 | D:3      | Reached skill level 4 in Fire Magic
  3304 | D:3      | Reached XP level 5. HP: 14/31 MP: 0/13
  3826 | D:3      | Noticed Grinder
  3836 | D:3      | Killed Grinder
  3837 | D:3      | Reached skill level 5 in Fire Magic
  3837 | D:3      | Reached XP level 6. HP: 30/36 MP: 6/15
  4054 | D:3      | Noticed Sigmund
  4063 | D:3      | Killed Sigmund
  4064 | D:3      | Reached skill level 5 in Spellcasting
  4532 | D:3      | Noticed Jessica
  4541 | D:3      | Killed Jessica
  4542 | D:3      | Reached XP level 7. HP: 41/41 MP: 11/16
  4697 | D:3      | Learned a level 4 spell: Flame Wave
  4727 | D:4      | Reached skill level 5 in Stealth
  4924 | D:4      | Found an opulent altar of Gozag.
  4951 | D:4      | Reached skill level 6 in Fire Magic
  5290 | D:4      | Found an ornate altar of the Wu Jian Council.
  5880 | D:5      | Entered Level 5 of the Dungeon
  6075 | D:5      | Reached *** piety under Nemelex Xobeh
  6762 | D:5      | Received a gift from Nemelex Xobeh
  7096 | D:6      | Noticed Duvessa
  7096 | D:6      | Noticed Dowan
  7098 | D:6      | Noticed a yak
  7100 | D:6      | Noticed a yak
  7102 | D:6      | Noticed a yak
  7104 | D:6      | Noticed a yak
  7106 | D:6      | Killed Dowan
  7106 | D:6      | Killed Duvessa
  7106 | D:6      | Killed a yak
  7106 | D:6      | Noticed a yak
  7107 | D:6      | Reached skill level 7 in Fire Magic
  7107 | D:6      | Reached XP level 8. HP: 29/48 MP: 5/19
  7129 | D:6      | Noticed Blork the orc
  7753 | D:6      | Reached skill level 8 in Fire Magic
  7846 | D:6      | Slain by a yak

Illustrated notes

Levels and vault maps discovered:
D:1:      mrwooster_arrival_statue_3, layout_rooms,
          shapermc_ecumenical_altar_gd, chequers_serial_rivers_small_a
D:2:      minmay_door_path, layout_basic, serial_shops, nicolae_shop_trees,
          minmay_misc_feat_alley, amcnicky_mini_rare_corridor_liquid
D:3:      layout_basic, nicolae_overflow_hidden_temple, uniq_sigmund,
          uniq_grinder, uniq_jessica
D:4:      layout_rooms, mainiacjoe_overflow_catwalk_spiral,
          minmay_misc_feat_hallway
D:5:      layout_layer_cave, solitary_fountain, hex_tiny
D:6:      layout_rooms, minmay_temple_entry_metal_lava,
          eino_small_chamber_without_monster, uniq_pikel, uniq_duvessa,
          uniq_blork_the_orc

Skill      XL: |  1  2  3  4  5  6  7  8 |
---------------+-------------------------+-----
Fighting       | 1 2 3 4 |  4.5
Stealth        | 3 4 6 7 |  7.0
Spellcasting   | 4 5 6 7 |  7.2
Fire Magic     | 4 5 7 8 |  8.2
Dodging        | |  2.4
Conjurations   | |  1.1

Action                   |  1- 3 |  4- 6 |  7- 9 || total
-------------------------+-------+-------+-------++-------
Melee: Unarmed           |       |    10 |     1 ||    11
       Short sword       |       |       |    66 ||    66
       Punch             |       |       |     1 ||     1
 Cast: Foxfire           |   191 |    89 |   117 ||   397
       Flame Wave        |       |       |     6 ||     6
Invok: Draw Summoning    |       |       |     2 ||     2
       Draw Escape       |       |       |     1 ||     1
  Use: Scroll            |       |     4 |     5 ||     9
       Potion            |       |       |     1 ||     1
 Stab: Sleeping          |       |       |     2 ||     2
Armor: Robe              |     2 |       |    30 ||    32
Dodge: Dodged            |     5 |     9 |    77 ||    91

Table legend: (Time is in decaauts)
 A = Elapsed time spent in this place.
 B = Non-inter-level travel time spent in this place.
 C = Inter-level travel time spent in this place.
 D = Time resting spent in this place.
 E = Time spent auto-exploring this place.
 F = Levels seen in this place.
 G = Mean time per level.
                   A        B        C        D        E       F      G
               +--------+--------+--------+--------+--------+-----+--------+
         Total |   7852 |   7715 |    137 |    542 |   6275 |   6 | 1308.7 |
       Dungeon |   7852 |   7715 |    137 |    542 |   6275 |   6 | 1308.7 |
               +--------+--------+--------+--------+--------+-----+--------+

Top non-repeatable levels by time:
     D:2: 2104 daAuts
     D:5: 1749 daAuts
     D:3: 1461 daAuts
     D:4: 1187 daAuts
     D:1: 1132 daAuts
     D:6: 217 daAuts
